 Dungeon Crawl Stone Soup version 0.25-a0-353-ged6d54792d (webtiles) character file.

Game seed: 3656541349678407846, levelgen mode: deterministic

415 sankara the Grave Robber (level 6, 0/52 HPs)
             Began as a Hill Orc Necromancer on Jan 2, 2020.
             Slain by an orc zombie (1 damage)
             ... in an ossuary.
             The game lasted 00:26:58 (5106 turns).

sankara the Grave Robber (Hill Orc Necromancer)     Turns: 5106, Time: 00:26:59

Health: 0/52       AC:  4    Str: 16    XL:     6   Next: 91%
Magic:  8/8        EV: 11    Int: 22    God:
Gold:   151        SH:  4    Dex: 11    Spells: 3/8 levels left

rFire    . . .     SeeInvis .   n - +0 whip
rCold    . . .     Gourm    .   (no shield)
rNeg     . . .     Faith    .   A - +0 leather armour
rPois    +         Spirit   .   s - +0 helmet
rElec    .         Reflect  +   (no cloak)
rCorr    .         Harm     .   (no gloves)
MR       +....                  (no boots)
Stlth    +.........             p - +4 amulet of reflection
HPRegen  0.17/turn              j - ring of poison resistance {rPois, !d}
MPRegen  0.11/turn              o - ring of protection from magic {MR+, !d}

@: mighty, brilliant
A: no striking features
a: no special abilities


You were in an ossuary.
You were near starving.

You visited 1 branch of the dungeon, and saw 4 of its levels.
You also visited: Ossuary.

You collected 151 gold pieces.

Inventory:

Hand Weapons
 a - a +0 dagger
   (You took it off a goblin on level 1 of the Dungeon)
 n - a +0 whip (weapon)
   (You took it off a kobold on level 1 of the Dungeon)
 w - a +0 whip
   (You took it off a kobold on level 2 of the Dungeon)
 z - a +0 dagger
   (You took it off an orc on level 4 of the Dungeon)
Missiles
 h - 74 stones (quivered)
 v - 3 javelins
 y - 6 atropa-tipped darts
Armour
 d - a +0 robe
 s - a +0 helmet (worn)
   (You found it on level 2 of the Dungeon)
 A - a +0 leather armour (worn)
   (You took it off an orc on level 4 of the Dungeon)
Jewellery
 j - a ring of poison resistance (left hand) {rPois, !d}
   (You found it on level 1 of the Dungeon)
 o - a ring of protection from magic (right hand) {MR+, !d}
   (You found it on level 2 of the Dungeon)
 p - a +4 amulet of reflection (around neck)
   (You found it on level 2 of the Dungeon)
Wands
 B - a wand of paralysis (8)
   (You found it on level 4 of the Dungeon)
Scrolls
 e - a scroll of enchant armour {unknown}
 f - 3 scrolls of teleportation {unknown}
 g - 5 scrolls of identify {unknown}
 m - a scroll of fear {unknown}
 r - 2 scrolls of remove curse {unknown}
 u - a scroll of amnesia {unknown}
Potions
 b - 2 potions of flight {unknown}
 i - 2 potions of curing {unknown}
 k - 2 potions of lignification {unknown}
 l - 3 potions of agility {unknown}
 q - 2 potions of brilliance
 t - a potion of might
Comestibles
 c - 5 rations


   Skills:
 - Level 3.7 Fighting
 * Level 2.2 Maces & Flails
 - Level 1.5 Dodging
 - Level 1.5 Stealth
 - Level 1.5 Spellcasting
 - Level 2.0 Charms
 - Level 6.3 Necromancy


You had 3 spell levels left.
You knew the following spells:

 Your Spells              Type           Power        Failure   Level  Hunger
a - Pain                  Necr           ####         1%          1    #......
b - Animate Skeleton      Necr           N/A          1%          1    #......
e - Regeneration          Chrm/Necr      ####......   1%          3    ###....

Your spell library contained the following spells:

 Spells                   Type           Power        Failure   Level  Hunger
 Vampiric Draining        Necr           #####.....   1%          3    ###....
 Animate Dead             Necr           N/A          1%          4    #####..


Dungeon Overview and Level Annotations

Branches:
Dungeon (4/15)            Ossuary (1/1)
 Temple: D:4-7

Altars:
Ashenzari
Cheibriados
Makhleb
Okawaru
Uskayaw


Message History

The kobold zombie closely misses you.
The goblin zombie hits you but does no damage.
You hit the mummy.
The mummy is lightly damaged.
Your skin is crawling a little less now.
You block the hobgoblin zombie's attack.
The kobold zombie barely misses you. x2; The goblin zombie misses you.
You barely miss the mummy.
The mummy is lightly damaged.
You block the hobgoblin zombie's attack.
The kobold zombie barely misses you. The kobold zombie closely misses you.
The mummy hits you. The goblin zombie barely misses you.
You whack the mummy!
The mummy is severely damaged.
The hobgoblin zombie misses you.
The kobold zombie hits you but does no damage.
The kobold zombie misses you. The goblin zombie hits you.
You hit the mummy.
The mummy is almost destroyed.
The mummy completely misses you. The hobgoblin zombie hits you.
The kobold zombie barely misses you. The kobold zombie misses you.
You whack the mummy!
You destroy the mummy!
The goblin zombie hits you. The hobgoblin zombie hits you.
You whack the rat zombie!
You destroy the rat zombie!
Your skin stops crawling.
The kobold zombie completely misses you.
The kobold zombie closely misses you. The goblin zombie barely misses you.
You hit the human zombie.
The human zombie is lightly damaged.
The hobgoblin zombie hits you. The kobold zombie closely misses you.
The kobold zombie misses you. The goblin zombie hits you.
You hit the human zombie.
The human zombie is moderately damaged.
The human zombie hits you. The hobgoblin zombie barely misses you.
The kobold zombie barely misses you. The kobold zombie hits you.
The goblin zombie hits you but does no damage.
You hit the human zombie.
The human zombie is moderately damaged.
You block the human zombie's attack.
You block the hobgoblin zombie's attack.
The kobold zombie closely misses you. The kobold zombie hits you.
You hit the human zombie.
The human zombie is moderately damaged.
The goblin zombie closely misses you. The human zombie barely misses you.
You closely miss the human zombie.
The human zombie is moderately damaged.
The kobold zombie completely misses you.
The kobold zombie closely misses you. The goblin zombie barely misses you.
The human zombie barely misses you.
You barely miss the human zombie.
The human zombie is moderately damaged.
The kobold zombie hits you but does no damage.
You block the kobold zombie's attack.
The goblin zombie hits you but does no damage.
You whack the human zombie!
The human zombie is heavily damaged.
The human zombie closely misses you.
The kobold zombie hits you but does no damage.
You block the kobold zombie's attack. The mummy misses you.
The goblin zombie hits you.
You barely miss the human zombie.
The human zombie is heavily damaged.
The human zombie barely misses you. The kobold zombie hits you.
The kobold zombie hits you but does no damage.
You closely miss the human zombie.
The human zombie is heavily damaged.
The goblin zombie closely misses you. The mummy closely misses you.
You block the human zombie's attack.
You whack the human zombie!
The human zombie is severely damaged.
The kobold zombie misses you. The kobold zombie hits you.
The goblin zombie hits you. The human zombie hits you.
You whack the human zombie!
The human zombie is almost destroyed.
The mummy hits you. The kobold zombie hits you.
* * * LOW HITPOINT WARNING * * *
The kobold zombie hits you but does no damage.
The goblin zombie closely misses you.
You whack the human zombie!
You destroy the human zombie!
Your Maces & Flails skill increases to level 2!
The kobold zombie barely misses you. The kobold zombie hits you.
* * * LOW HITPOINT WARNING * * *
The mummy hits you!
* * * LOW HITPOINT WARNING * * *
The goblin zombie barely misses you.
You are near starving!
You hit the orc zombie.
The orc zombie is heavily damaged.
The orc zombie closely misses you. The kobold zombie closely misses you.
The kobold zombie completely misses you.
Unknown command.
It was a potion of brilliance.
You feel clever all of a sudden. The goblin zombie hits you.
* * * LOW HITPOINT WARNING * * *
The mummy completely misses you. The orc zombie hits you.
You die... ...................# ..######.^######...# ..# #.^# #...# ..# #..# #...# ..# #.^# #...# ..# .... #Z..# ..# #.... #Z..# ..# #..... #ZMZ#

..# #...... #@ZZ#
..# #.∩.....#ZZ.#
..# #...# ..# #...#
..# #...#
..##############...#
...................#
........∩∩.........#
####################


You could see a mummy, a goblin zombie, 2 hobgoblin zombies, 2 kobold zombies, 2
big kobold zombies and an orc zombie.

Vanquished Creatures
  An ogre (D:3)
  A scorpion (D:4)
  A human zombie (Ossuary)
  A worker ant (D:4)
  A big kobold zombie (Ossuary)
  A mummy (Ossuary)
  7 adders
  2 gnolls (D:3)
  An ooze (D:2)
  4 dart slugs
  A leopard gecko (D:3)
  4 orcs (D:4)
  2 giant cockroaches (D:1)
  5 goblins
  4 hobgoblins
  4 jackals (D:2)
  2 quokkas
  2 ball pythons
  A ball python skeleton (D:4)
  7 bats
  5 frilled lizards
  2 hobgoblin zombies (Ossuary)
  5 kobolds
  9 kobold zombies (Ossuary)
  A leopard gecko skeleton (D:4)
  9 orc zombies (Ossuary)
  10 rats
  A rat zombie (Ossuary)
94 creatures vanquished.

Vanquished Creatures (collateral kills)
  A gnoll (D:3)
  A leopard gecko (D:1)
  A goblin (D:1)
  A rat (D:2)
4 creatures vanquished.

Grand Total: 98 creatures vanquished

Notes
Turn   | Place    | Note
-------+----------+-------------------------------------------
     0 | D:1      | sankara the Hill Orc Necromancer began the quest for the
                  | Orb.
     0 | D:1      | Reached XP level 1. HP: 14/14 MP: 3/3
     2 | D:1      | Learned a level 1 spell: Animate Skeleton
   113 | D:1      | Reached skill level 1 in Fighting
   113 | D:1      | Reached XP level 2. HP: 6/23 MP: 0/4
   849 | D:2      | Reached XP level 3. HP: 18/28 MP: 0/5
   857 | D:2      | HP: 7/28 [bat (1)]
  1169 | D:2      | Learned a level 3 spell: Regeneration
  1182 | D:2      | Reached skill level 2 in Fighting
  1272 | D:2      | Reached skill level 5 in Necromancy
  1272 | D:2      | Reached XP level 4. HP: 24/36 MP: 1/6
  1599 | D:2      | Found a burning altar of Makhleb.
  1833 | D:2      | Found a shattered altar of Ashenzari.
  2148 | D:3      | Noticed a +0 hand axe
  2173 | D:3      | Found a hide-covered altar of Uskayaw.
  2173 | D:3      | Noticed a +0 hand axe
  2197 | D:3      | Reached skill level 1 in Charms
  2330 | D:3      | Noticed an ogre
  2336 | D:3      | HP: 7/37 [ogre/+0 giant spiked club (25)]
  2742 | D:3      | Found an iron altar of Okawaru.
  2998 | D:3      | Paralysed by fainting for 9 turns
  3031 | D:3      | Paralysed by fainting for 7 turns
  3602 | D:3      | HP: 3/37 [ogre/+0 giant spiked club (12)]
  3603 | D:3      | Killed an ogre
  3603 | D:3      | Reached skill level 3 in Fighting
  3603 | D:3      | Reached XP level 5. HP: 4/45 MP: 0/7
  3968 | D:3      | HP: 11/45 [gnoll/+0 spear (3)]
  3968 | D:3      | HP: 5/45 [gnoll/+0 spear (6)]
  3985 | D:3      | Reached XP level 6. HP: 7/51 MP: 0/8
  4372 | D:4      | Found a sand-covered staircase.
  4382 | D:4      | Reached skill level 6 in Necromancy
  4552 | D:4      | Found a snail-covered altar of Cheibriados.
  4600 | D:4      | Reached skill level 2 in Charms
  4659 | D:4      | Found a shattered altar of Ashenzari.
  4663 | D:4      | Saw a vision of the Swamp and the Snake Pit.
  4663 | D:4      | Noticed an alligator
  4663 | D:4      | Noticed a swamp drake
  4663 | D:4      | Noticed a water moccasin
  4663 | D:4      | Noticed a swamp drake
  4663 | D:4      | Noticed a black mamba
  4663 | D:4      | Noticed a naga sharpshooter
  4664 | D:4      | Noticed a naga warrior
  4665 | D:4      | Noticed a nagaraja
  4715 | Ossuary  | Entered an ossuary
  5086 | Ossuary  | Reached skill level 1 in Maces & Flails
  5104 | Ossuary  | Reached skill level 2 in Maces & Flails
  5104 | Ossuary  | HP: 12/52 [kobold zombie (2)]
  5104 | Ossuary  | HP: 1/52 [mummy (11)]
  5106 | Ossuary  | Slain by an orc zombie

Levels and vault maps discovered:
D:1:      wander_arrival_estate, layout_loops_ring, minivault_14
D:2:      layout_loops_ring, lemuel_doored_altar, overflow_temple_1_default,
          first_ration
D:3:      layout_basic, dancing_weapons_uskayaw, okawaru_gym_becter
D:4:      layout_rooms, lemuel_round_altar, grunt_temple_overflow_diamond,
          nicolae_ossuary_entry_monument, grunt_ashenzari_visionary
          [grunt_ashenzari_visionary_swamp, grunt_ashenzari_visionary_snake]
Ossuary:  ossuary_tomb_1

Skill      XL: |  1  2  3  4  5  6 |
---------------+-------------------+-----
Fighting       | 1 2 3 |  3.7
Necromancy     | 5 6 |  6.3
Charms         | 1 2 |  2.0
Maces & Flails | 2 |  2.2
Dodging        | |  1.5
Stealth        | |  1.5
Spellcasting   | |  1.5

Action                   |  1- 3 |  4- 6 || total
-------------------------+-------+-------++-------
Melee: Club              |    14 |       ||    14
       Dagger            |    39 |   134 ||   173
       Whip              |       |   133 ||   133
Throw: Stone             |     1 |       ||     1
 Cast: Pain              |    33 |    79 ||   112
       Animate Skeleton  |    12 |    14 ||    26
       Regeneration      |       |     2 ||     2
  Use: Potion            |       |     2 ||     2
 Stab: Sleeping          |     3 |     3 ||     6
  Eat: Chunk             |     2 |     7 ||     9
       Ration            |       |     2 ||     2
Armor: Robe              |    19 |    24 ||    43
       Leather armour    |       |    44 ||    44
Dodge: Dodged            |    63 |   198 ||   261
Block: Other             |       |    56 ||    56

Table legend:
 A = Non-vault XP
 B = Vault XP
 C = Vault XP percentage of total XP
 D = Non-vault monster count
 E = Vault monster count
 F = Vault count percentage of total count
                 A         B        C        D         E       F
            +---------+---------+-------+---------+---------+-------
      Total |     485 |     108 |  18.2 |      74 |      24 |  24.5
            +---------+---------+-------+---------+---------+-------
        D:1 |      27 |       0 |   0.0 |      16 |       0 |   0.0
        D:2 |     106 |       0 |   0.0 |      32 |       0 |   0.0
        D:3 |     200 |       0 |   0.0 |      14 |       0 |   0.0
        D:4 |     152 |       0 |   0.0 |      12 |       0 |   0.0
    Ossuary |       0 |     108 | 100.0 |       0 |      24 | 100.0
            +---------+---------+-------+---------+---------+-------

Levels and vault maps discovered:
D:1:      wander_arrival_estate, layout_loops_ring, minivault_14
D:2:      layout_loops_ring, lemuel_doored_altar, overflow_temple_1_default,
          first_ration
D:3:      layout_basic, dancing_weapons_uskayaw, okawaru_gym_becter
D:4:      layout_rooms, lemuel_round_altar, grunt_temple_overflow_diamond,
          nicolae_ossuary_entry_monument, grunt_ashenzari_visionary
          [grunt_ashenzari_visionary_swamp, grunt_ashenzari_visionary_snake]
Ossuary:  ossuary_tomb_1

Table legend:
 A = Turns spent in this place as a percentage of turns spent in the entire game.
 B = Non-inter-level travel turns spent in this place as a percentage of non-inter-level travel turns spent in the entire game.
 C = Inter-level travel turns spent in this place as a percentage of turns spent in this place.
 D = Turns resting spent in this place as a percentage of non-inter-level travel turns spent in this place.
 E = Turns spent auto-exploring this place as a percentage of non-inter-level travel turns spent in this place.
 F = Non-inter-level travel turns spent in this place divided by the number of levels of this place that you've seen.
                   A       B       C       D       E      F
               +-------+-------+-------+-------+-------+----------------------
         Total | 100.0 | 100.0 |   3.6 |  39.1 |  30.7 | 984.4
       Dungeon |  92.3 |  92.1 |   3.9 |  40.6 |  32.5 | 1132.8
       Ossuary |   7.7 |   7.9 |   0.0 |  21.7 |   9.2 | 391.0
               +-------+-------+-------+-------+-------+----------------------

Table legend:
 A = Kills in this place as a percentage of kills in entire the game.
 B = Kills by you in this place as a percentage of kills by you in the entire game.
 C = Kills by friends in this place as a percentage of kills by friends in the entire game.
 D = Other kills in this place as a percentage of other kills in the entire game.
 E = Experience gained in this place as a percentage of experience gained in the entire game.
 F = Experience gained in this place divided by the number of levels of this place that you have seen.
                   A       B       C       D       E      F
               +-------+-------+-------+-------+-------+----------------------
         Total | 100.0 | 100.0 | 100.0 |   N/A | 100.0 | 118.6
       Dungeon |  75.5 |  74.5 | 100.0 |   N/A |  81.8 | 121.2
       Ossuary |  24.5 |  25.5 |   0.0 |   N/A |  18.2 | 108.0
               +-------+-------+-------+-------+-------+----------------------
